 Dungeon Crawl Stone Soup version 0.22-a0-388-g09e6169 (webtiles) character file.

23 Mgcat the Caller (level 2, -2/20 HPs)
             Began as a Hill Orc Summoner on Apr 29, 2018.
             Slain by Jessica (4 damage)
             ... on level 2 of the Dungeon.
             The game lasted 00:02:39 (1247 turns).

Mgcat the Caller (Hill Orc Summoner)                Turns: 1247, Time: 00:02:39

Health: -2/20      AC:  2    Str: 10    XL:     2   Next: 95%
Magic:  1/5        EV: 12    Int: 15    God:
Gold:   115        SH:  0    Dex: 11    Spells: 2/5 levels left

rFire    . . .     SeeInvis .   b - +0 dagger
rCold    . . .     Gourm    .   (no shield)
rNeg     . . .     Faith    .   a - +0 robe
rPois    .         Spirit   .   (no helmet)
rElec    .         Reflect  .   (no cloak)
rCorr    .         Harm     .   (no gloves)
MR       .....                  (no boots)
Stlth    ++........             (no amulet)
HPRegen  0.06/turn              (no ring)
MPRegen  0.09/turn              (no ring)

@: no status effects
A: no striking features
a: no special abilities


You were on level 2 of the Dungeon.
You were not hungry.

You visited 1 branch of the dungeon, and saw 2 of its levels.

You collected 115 gold pieces.

Inventory:

Hand Weapons
 b - a +0 dagger (weapon)
   (You took it off a kobold on level 1 of the Dungeon)
Missiles
 f - 2 javelins of returning (quivered)
Armour
 a - a +0 robe (worn)
Scrolls
 d - a scroll of identify {unknown}
 h - a scroll of noise {unknown}
 i - 2 scrolls of teleportation {unknown}
Potions
 e - a potion of ambrosia {unknown}
Comestibles
 c - 2 rations


   Skills:
 - Level 1.5 Dodging
 - Level 1.5 Stealth
 + Level 2.1 Spellcasting
 + Level 4.4 Summonings


You had 2 spell levels left.
You knew the following spells:

 Your Spells              Type           Power        Failure   Level  Hunger
a - Summon Small Mammal   Summ           ##..         3%          1    #......
b - Call Imp              Summ           ##......     5%          2    ###....


Dungeon Overview and Level Annotations

Branches:
Dungeon (2/15)

Altars:

Annotations:
D:2 Jessica


Message History

Your crimson imp disappears in a puff of smoke!
There is an open door here.
There is an open door here.
There is a stone staircase leading down here.
You now have 115 gold pieces (gained 16).
A bat comes into view.
Casting: Call Imp (safe; 5% risk of failure)
Confirm with . or Enter, or press ? or * to list all spells.
You miscast Call Imp.
You are very lightly contaminated with residual magic.
You hear strange voices.
Casting: Call Imp (safe; 5% risk of failure)
Confirm with . or Enter, or press ? or * to list all spells.
A metallic apparition takes form in the air.
The bat hits your iron imp but does no damage.
The bat completely misses you. The bat hits you but does no damage.
The bat hits you but does no damage. The bat hits you but does no damage.
The bat barely misses you. The bat hits you but does no damage.
You hit the bat.
The bat is severely wounded.
The bat misses you.
The bat hits your iron imp but does no damage.
Your iron imp hits the bat.
The bat dies!
Your magical contamination has completely faded away.
Your iron imp disappears in a puff of smoke!
You are feeling hungry.
You butcher the bat corpse.
g - a chunk of flesh {@w0} You see here a bat skeleton. x2
Eating a chunk of flesh {@w0}.
You eat the chunk of flesh {@w0}.
This raw flesh tastes terrible.
There is a stone staircase leading down here.
There is a stone staircase leading down here.
You see here a robe.
There is an open door here.
You open the door.
Done exploring.
Done exploring.
Done exploring.
Done exploring.
Done exploring.
Done exploring.
(D) Dungeon
Where to? (? - help)
What level of the Dungeon? (default 1, ? - help)
There is an open door here.
There is an open door here.
There is an open door here.
There is an open door here.
There is an open door here.
There is an open door here.
There is an open door here.
There is an open door here.
There is a stone staircase leading down here.
You climb downwards.
Found a stone staircase leading down.
There is a stone staircase leading up here.
Marking area around Jessica as unsafe for travelling.
Jessica the Apprentice Sorceress comes into view.
Unknown command.
Unknown command.
Unknown command.
Unknown command.
Casting: Call Imp (safe; 5% risk of failure)
Confirm with . or Enter, or press ? or * to list all spells.
A beastly little devil appears in a puff of flame.
Jessica shouts!
Casting: Call Imp (safe; 5% risk of failure)
Confirm with . or Enter, or press ? or * to list all spells.
A shadowy apparition takes form in the air.
Jessica misses your crimson imp.
Your crimson imp closely misses Jessica.
Jessica hits your crimson imp.
Casting: Call Imp (safe; 5% risk of failure)
Confirm with . or Enter, or press ? or * to list all spells.
Your crimson imp blinks!
Jessica hits you.
You hit Jessica.
Jessica is heavily wounded.
Jessica gestures at you while chanting. Pain shoots through your body!
Ouch! That really hurt!
* * * LOW HITPOINT WARNING * * *
You hit Jessica but do no damage.
Jessica is heavily wounded.
Jessica hits you.
* * * LOW HITPOINT WARNING * * *
You completely miss Jessica.
Jessica is heavily wounded.
Your crimson imp closely misses Jessica.
Jessica hits you.
* * * LOW HITPOINT WARNING * * *
You completely miss Jessica.
Jessica is heavily wounded.
Your crimson imp blinks!
Jessica hits you.
You die...

.. #. #.# #.
#.# #.# #.# ..
#.# #)###.#
#.r##.#
#.#####@##.###
#5....@5.....#
########.#.#.#
#.....#
######..###
#<......#
#######># #.#
#.#


You could see Jessica, a friendly crimson imp, a friendly shadow imp and a
friendly quokka.

Vanquished Creatures
  4 hobgoblins (D:1)
  A jackal (D:1)
  A bat (D:1)
  A frilled lizard (D:1)
  A rat (D:1)
8 creatures vanquished.

Vanquished Creatures (collateral kills)
  2 dart slugs (D:1)
  4 bats (D:1)
  3 hobgoblins (D:1)
  A jackal (D:1)
  A ball python (D:1)
  2 frilled lizards (D:1)
  3 kobolds (D:1)
  A rat (D:1)
17 creatures vanquished.

Grand Total: 25 creatures vanquished

Notes
Turn   | Place    | Note
-------+----------+-------------------------------------------
     0 | D:1      | Mgcat the Hill Orc Summoner began the quest for the Orb.
     0 | D:1      | Reached XP level 1. HP: 14/14 MP: 3/3
   363 | D:1      | Reached XP level 2. HP: 10/20 MP: 1/4
   512 | D:1      | Learned a level 2 spell: Call Imp
   648 | D:1      | Reached skill level 2 in Spellcasting
  1234 | D:2      | Noticed Jessica
  1245 | D:2      | HP: 3/20 [Jessica (3)]
  1247 | D:2      | Slain by Jessica

Vault maps used:
D:1:      co_arrival_random_square_maze, moated_statue
D:2:      hangedman_ru_absence, uniq_jessica

Skill      XL: |  1  2 |
---------------+-------+-----
Spellcasting   | 2 |  2.1
Dodging        | |  1.5
Stealth        | |  1.5
Summonings     | |  4.4

Action                   || total
-------------------------++-------
Melee: Unarmed           ||    12
       Dagger            ||    35
 Cast: Summon Small Mamm ||    12
       Call Imp          ||    11
 Stab: Distracted        ||     1
       Sleeping          ||     1
  Eat: Chunk             ||     2
Armor: Robe              ||    21
Dodge: Dodged            ||    48

Table legend:
 A = Spawn XP
 B = Non-spawn XP
 C = Spawn XP percentage of total XP
 D = Spawn monster count
 E = Non-spawn monster count
 F = Spawn count percentage of total count
 G = Total turns spent on level
                    A         B        C        D         E        F      G
               +---------+---------+-------+---------+---------+-------+---------
         Total |       0 |      33 |   0.0 |       0 |      25 |   0.0 |  1247
               +---------+---------+-------+---------+---------+-------+---------
           D:1 |       0 |      33 |   0.0 |       0 |      25 |   0.0 |  1223
               +---------+---------+-------+---------+---------+-------+---------

Vault maps used:
D:1:      co_arrival_random_square_maze, moated_statue
D:2:      hangedman_ru_absence, uniq_jessica

Table legend:
 A = Turns spent in this place as a percentage of turns spent in the entire game.
 B = Non-inter-level travel turns spent in this place as a percentage of non-inter-level travel turns spent in the entire game.
 C = Inter-level travel turns spent in this place as a percentage of turns spent in this place.
 D = Turns resting spent in this place as a percentage of non-inter-level travel turns spent in this place.
 E = Turns spent auto-exploring this place as a percentage of non-inter-level travel turns spent in this place.
 F = Non-inter-level travel turns spent in this place divided by the number of levels of this place that you've seen.
                   A       B       C       D       E      F
               +-------+-------+-------+-------+-------+----------------------
         Total | 100.0 | 100.0 |   1.9 |   0.0 |  85.4 | 611.5
       Dungeon | 100.0 | 100.0 |   1.9 |   0.0 |  85.4 | 611.5
               +-------+-------+-------+-------+-------+----------------------

Table legend:
 A = Kills in this place as a percentage of kills in entire the game.
 B = Kills by you in this place as a percentage of kills by you in the entire game.
 C = Kills by friends in this place as a percentage of kills by friends in the entire game.
 D = Other kills in this place as a percentage of other kills in the entire game.
 E = Experience gained in this place as a percentage of experience gained in the entire game.
 F = Experience gained in this place divided by the number of levels of this place that you have seen.
                   A       B       C       D       E      F
               +-------+-------+-------+-------+-------+----------------------
         Total | 100.0 | 100.0 | 100.0 |   N/A | 100.0 |  16.5
       Dungeon | 100.0 | 100.0 | 100.0 |   N/A | 100.0 |  16.5
               +-------+-------+-------+-------+-------+----------------------
